 Dungeon Crawl Stone Soup version 0.29-a0-416-g83a48905f1 (webtiles) character file.

Game seed: 409736495592882

5 xian the Grave Robber (level 1, 0/13 HPs)
             Began as a Merfolk Necromancer on May 16, 2022.
             Slain by a jackal (3 damage)
             ... on level 1 of the Dungeon.
             The game lasted 00:01:21 (315 turns).

xian the Grave Robber (Merfolk Necromancer)          Turns: 315, Time: 00:01:21

Health: 0/13       AC:  2    Str:  8    XL:     1   Next: 80%
Magic:  0/3        EV: 12    Int: 14    God:
Gold:   15         SH:  0    Dex: 14    Spells: 2/4 levels left

rFire   . . .      SeeInvis .   (no weapon)
rCold   . . .      Faith    .   (no shield)
rNeg    . . .      Spirit   .   a - +0 robe
rPois   .          Reflect  .   (no helmet)
rElec   .          Harm     .   (no cloak)
rCorr   .          Rampage  .   (no gloves)
Will    .....                   (no boots)
Stlth   ++........              (no amulet)
HPRegen 0.04/turn               (no ring)
MPRegen 0.08/turn               (no ring)

@: no status effects
A: (nimble swimmer 2), mertail
a: no special abilities


You were on level 1 of the Dungeon.
You visited 1 branch of the dungeon, and saw 1 of its levels.

You collected 15 gold pieces.

Inventory:

Armour
 a - a +0 robe (worn)
Potions
 b - a potion of magic
 c - a potion of haste {unknown}


   Skills:
 + Level 2.7 Dodging
 + Level 2.2 Stealth
 + Level 2.0 Spellcasting
 + Level 3.5 Necromancy


You had 2 spell levels left.
You knew the following spells:

 Your Spells              Type           Power      Damage    Failure   Level
a - Pain                  Necr           44%        1d6       5%          1
b - Animate Skeleton      Necr           22%        N/A       5%          1

Your spell library contained the following spells:

 Spells                   Type           Power      Damage    Failure   Level
 Vampiric Draining        Necr           11%        2d6       17%         3
 Animate Dead             Necr           5%         N/A       50%         4
 Agony                    Necr           11%        N/A       83%         5


Dungeon Overview and Level Annotations

Branches:
Dungeon (1/15)

Altars:


Innate Abilities, Weirdness & Mutations

((You are very nimble when in or above water. (Stealth+, EV+, Speed+++)))
Your lower body shifts to a powerful aquatic tail in water.


Message History

[Y]es or [N]o only, please.
Memorise Animate Skeleton, consuming 1 spell level and leaving 2?
The jackal barks! x2
You start memorising the spell.
You continue memorising.
The jackal closely misses you.
You finish memorising.
Spell assigned to 'b'.
You see here a quokka corpse.
Sorry, you're not good enough to have a special ability.
Casting: Pain (safe; 5% risk of failure)
Confirm with . or Enter, or press ? or * to list all spells.
You attempt to give life to the dead...
Before your eyes, flesh is ripped from the corpse!
The dead are hopping!
The jackal bites you but does no damage.
The jackal bites your quokka skeleton.
A rat comes into view.
The jackal bites you. The jackal attacks as you move away!
The jackal barely misses you.
A frilled lizard comes into view.
Your quokka skeleton misses the jackal.
Aiming: Pain (safe; 5% risk of failure)
Press: ? - help, Q - select action, (/) - cycle Shift-Dir - straight line, f - jackal
Aim: a jackal (ally target, chance to affect: 80%)
Okay, then.
The jackal writhes in agony.
The jackal closely misses you. The jackal barely misses you.
Your quokka skeleton bites the jackal but does no damage.
The jackal writhes in agony.
The jackal barely misses you.
The jackal bites you. x2; The jackal barely misses you.
Your quokka skeleton bites the jackal.
You are too injured to fight recklessly!
You don't have enough magic to cast this spell.
The jackal attacks as you move away! The jackal bites you.
* * * LOW HITPOINT WARNING * * *
The frilled lizard hisses angrily.
As you open the door, it creaks loudly! The jackal completely misses you.
The jackal bites you but does no damage.
The jackal bites you.
You die...

###.# .#.. #...
.... #>. ... #.#
#.# ###.####.#####
#............#
#..Z##.......#
#.hh##.......#
#..@##.......#
#..l....'........#
#.###...##.#..####
######.#..#####
.............#
#####........#
#........#
#........######
#.............#


You could see 2 jackals, a frilled lizard and a friendly quokka skeleton.

Vanquished Creatures
  3 giant cockroaches (D:1)
  A quokka (D:1)
4 creatures vanquished.

Notes
Turn   | Place    | Note
-------+----------+-------------------------------------------
     0 | D:1      | xian the Merfolk Necromancer began the quest for the Orb.
     0 | D:1      | Reached XP level 1. HP: 13/13 MP: 3/3
   307 | D:1      | Learned a level 1 spell: Animate Skeleton
   315 | D:1      | Slain by a jackal

Illustrated notes

Levels and vault maps discovered:
D:1:      dpeg_arrival_tiny_c, layout_basic,
          hellmonk_ecumenical_altar_crossroads, serial_shops,
          nicolae_shop_trees, amcnicky_mini_corridor_feature

Action                   || total
-------------------------++-------
Melee: Unarmed           ||    12
 Cast: Pain              ||     7
       Animate Skeleton  ||     1
Armor: Robe              ||     3
Dodge: Dodged            ||    15

Table legend: (Time is in decaauts)
 A = Elapsed time spent in this place.
 B = Non-inter-level travel time spent in this place.
 C = Inter-level travel time spent in this place.
 D = Time resting spent in this place.
 E = Time spent auto-exploring this place.
 F = Levels seen in this place.
 G = Mean time per level.
                   A        B        C        D        E       F      G
               +--------+--------+--------+--------+--------+-----+--------+
         Total |    315 |    315 |      0 |      0 |    257 |   1 |  315.0 |
       Dungeon |    315 |    315 |      0 |      0 |    257 |   1 |  315.0 |
               +--------+--------+--------+--------+--------+-----+--------+

Top non-repeatable levels by time:
     D:1: 315 daAuts
